Map: Romanticide LE

Players

GogojOey

  • Race: Zerg Zerg

Has - Winner!

  • Race: Protoss Protoss

VOD

Have the link to the VOD?

Description

Time

  • Played on: Oct. 3, 2021, 7:10 a.m.
  • Length: 8:18
Show
View Real Time Build Order
Export as new Build Order

GogojOey Zerg 

Build Orders: Pool First 

Get SALT Encoding   

  12  0:00  Drone  
  13  0:12  Overlord  
  13  0:16  Drone  
  14  0:30  Drone x2  
  16  0:40  Spawning Pool  
  15  0:44  Drone  
  15  0:47  Drone  
  17  1:09  Hatchery  
  16  1:11  Drone  
  17  1:22  Drone  
  18  1:26  Drone, Extractor  
  18  1:28  Zergling x2  
  18  1:32  Queen  
  21  1:38  Overlord  
  21  1:50  Drone  
  23  2:01  Drone  
  23  2:07  Queen  
  25  2:10  Drone  
  26  2:20  Queen  
  26  2:21  Drone x2  
  30  2:33  Hatchery  
  30  2:35  Drone  
  30  2:38  Drone  
  31  2:45  Metabolic Boost  
  31  2:48  Overlord  
  31  2:51  Zergling x2  
  32  2:53  Drone  
  32  2:57  Drone  
  34  3:03  Spore Crawler  
  33  3:05  Spore Crawler  
  34  3:12  Drone  
  34  3:13  Drone x3  
  34  3:16  Drone x3  
  34  3:17  Drone  
  41  3:26  Overlord  
  41  3:27  Drone  
  41  3:29  Drone x2  
  44  3:35  Spore Crawler  
  44  3:38  Overlord  
  44  3:40  Drone  
  44  3:47  Spore Crawler  
  43  3:49  Queen  
  43  3:50  Drone x3  
  48  3:59  Drone x2  
  48  4:01  Overlord  
  48  4:02  Drone x2  
  52  4:03  Drone x2  
  52  4:09  Overlord  
  54  4:15  Spore Crawler  
  53  4:19  Queen  
  53  4:20  Drone x3  
  53  4:23  Overlord  
  58  4:25  Lair  
  58  4:32  Zergling x2  
  58  4:33  Zergling x4  
  58  4:35  Drone x5  
  66  4:41  Overlord x2  
  66  4:43  Drone x2  
  66  4:45  Drone  
  69  4:54  Overlord x2  
  69  4:58  Evolution Chamber  
  68  5:01  Roach Warren  
  68  5:02  Drone x7  
  68  5:04  Extractor  
  68  5:06  Extractor  
  72  5:07  Extractor  
  72  5:08  Extractor  
  69  5:15  Drone, Overlord  
  69  5:16  Drone x2  
  69  5:17  Drone x2  
  73  5:25  Overseer  
  73  5:28  Zergling x6, Queen x2  
  76  5:29  Queen  
  76  5:30  Drone  
  76  5:34  Spine Crawler  
  80  5:40  Roach  
  80  5:41  Roach x4  
  80  5:42  Roach  
  92  5:45  Roach x2  
  96  5:50  Evolution Chamber, Roach x2  
  96  5:51  Zergling x2  
  96  5:56  Roach x2  
  97  6:04  Queen  
  97  6:06  Zergling x4, Roach  
  97  6:08  Queen  
  97  6:10  Evolution Chamber  
  96  6:13  Zergling x12, Roach  
  96  6:17  Roach  
  101  6:21  Roach  
  93  6:28  Roach  
  93  6:29  Roach  
  87  6:33  Drone  
  87  6:34  Drone  
  84  6:40  Drone  
  84  6:41  Drone  
  84  6:46  Drone  
  86  6:47  Drone x3, Spire  
  86  6:50  Drone x3  
  86  6:51  Drone  
  86  6:53  Drone  
  93  6:57  Queen  
  93  6:59  Drone  
  93  7:00  Queen  
  98  7:06  Drone x2  
  100  7:10  Overlord  
  100  7:11  Overlord  
  100  7:18  Overlord  
  96  7:34  Drone x8  
  95  7:39  Drone x3  
  89  7:44  Evolution Chamber  
  89  7:51  Roach x3  
  85  7:56  Roach  
  85  7:58  Drone  
  84  7:59  Drone  
Show
View Real Time Build Order
Export as new Build Order

Has Protoss - Winner!

Build Orders: 1 Gate Expand 

Get SALT Encoding   

  12  0:00  Probe  
  13  0:12  Probe  
  14  0:20  Pylon  
  14  0:24  Probe  
  15  0:28  Assimilator  
  15  0:38  Probe (Chrono Boost)  
  16  0:43  Gateway  
  16  0:47  Probe (Chrono Boost)  
  17  0:52  Probe (Chrono Boost)  
  18  1:04  Probe  
  19  1:19  Nexus  
  19  1:30  Cybernetics Core  
  19  1:32  Probe  
  20  1:38  Assimilator  
  20  1:44  Probe  
  21  1:50  Pylon  
  21  1:56  Probe  
  22  2:06  Adept (Chrono Boost)  
  24  2:10  Probe  
  24  2:13  Stargate  
  24  2:21  Warp Gate  
  24  2:24  Probe (Chrono Boost)  
  24  2:26  Adept (Chrono Boost)  
  27  2:31  Probe (Chrono Boost)  
  29  2:41  Probe x2 (Chrono Boost)  
  30  2:46  Probe (Chrono Boost)  
  30  2:47  Probe  
  32  2:51  Void Ray  
  32  2:57  Probe  
  37  3:00  Probe  
  38  3:10  Probe (Chrono Boost)  
  38  3:15  Gateway, Probe (Chrono Boost)  
  38  3:22  Probe (Chrono Boost)  
  40  3:28  Probe x2 (Chrono Boost)  
  40  3:32  Pylon  
  41  3:36  Probe  
  42  3:42  Nexus  
  42  3:44  Probe  
  43  3:50  Twilight Council  
  43  3:52  Probe  
  44  3:56  Probe  
  44  3:59  Gateway  
  45  4:05  Gateway  
  45  4:07  Probe  
  46  4:13  Gateway  
  46  4:17  Gateway  
  46  4:21  Gateway  
  46  4:24  Resonating Glaives (Chrono Boost)  
  46  4:26  Pylon  
  46  4:28  Adept  
  48  4:35  Probe  
  48  4:36  Probe  
  48  4:37  Adept  
  52  4:41  Pylon  
  52  4:49  Probe x2  
  54  4:54  Adept x2  
  54  4:59  Adept  
  60  5:02  Adept  
  60  5:04  Probe x3  
  65  5:11  Adept  
  67  5:16  Adept x4  
  67  5:20  Adept  
  77  5:25  Adept  
  77  5:27  Pylon, Shield Battery  
  79  5:32  Probe x2  
  82  5:45  Adept x6  
  91  5:57  Probe  
  92  6:08  Probe, Pylon  
  92  6:09  Pylon  
  92  6:10  Probe  
  92  6:11  Pylon  
  90  6:16  Probe  
  87  6:21  Void Ray (Chrono Boost), Probe  
  87  6:22  Probe  
  81  6:28  Probe  
  76  6:33  Probe  
  76  6:34  Probe  
  76  6:36  Stargate  
  74  6:42  Probe (Chrono Boost)  
  74  6:44  Adept  
  74  6:45  Adept x6, Probe (Chrono Boost)  
  74  6:46  Assimilator x2  
  83  6:50  Assimilator x2, Probe (Chrono Boost)  
  84  6:55  Forge  
  84  6:56  Probe (Chrono Boost)  
  84  6:58  Probe (Chrono Boost)  
  84  7:00  Probe (Chrono Boost)  
  86  7:01  Probe (Chrono Boost)  
  86  7:05  Probe, Pylon  
  86  7:08  Zealot, Void Ray (Chrono Boost)  
  89  7:12  Zealot, Void Ray (Chrono Boost)  
  91  7:22  Zealot  
  99  7:23  Nexus  
  99  7:25  Pylon  
  99  7:26  Adept x3  
  99  7:27  Zealot  
  99  7:28  Zealot  
  104  7:30  Probe x2  
  104  7:33  Zealot  
  104  7:34  Probe  
  104  7:36  Void Ray (Chrono Boost)  
  109  7:53  Probe  
  109  7:56  Probe  
  109  8:01  Probe  
Tags
 
Add a new tag
Caveats
  • Supply blocks, unpowered buildings, or Contaminate may cause inaccurate times.
  • Supply counts are checked every 10 seconds.